 Seeded DCSS version 0.29-a0-664-gff9cad4a3d (webtiles) character file.

Game seed: 17940436955413480726 (custom seed)

29 blackman the Poker (level 3, 29/29 HPs)
             Began as a Human Monk on June 22, 2022.
             Quit the game on level 1 of the Dungeon.
             The game lasted 00:01:29 (1312 turns).

blackman the Poker (Human Monk)                     Turns: 1312, Time: 00:01:30

Health: 29/29      AC:  2    Str: 13    XL:     3   Next: 32%
Magic:  3/3        EV: 13    Int: 10    God:
Gold:   0          SH:  0    Dex: 15    Spells: 2/2 levels left

rFire   . . .      SeeInvis .   a - +0 spear
rCold   . . .      Faith    .   (no shield)
rNeg    . . .      Spirit   .   b - +0 robe
rPois   .          Reflect  .   (no helmet)
rElec   .          Harm     .   (no cloak)
rCorr   .          Rampage  .   (no gloves)
Will    .....                   (no boots)
Stlth   ++........              (no amulet)
HPRegen 0.09/turn               (no ring)
MPRegen 0.08/turn               (no ring)

@: no status effects
A: no striking features
a: no special abilities


You were on level 1 of the Dungeon.
You visited 1 branch of the dungeon, and saw 1 of its levels.

Inventory:

Hand Weapons
 a - a +0 spear (weapon)
Missiles
 f - a throwing net (quivered)
Armour
 b - a +0 robe (worn)
Scrolls
 d - a scroll of teleportation {unknown}
 e - a scroll of summoning {unknown}
 g - 3 scrolls of enchant weapon {unknown}
 j - a scroll of enchant armour {unknown}
Potions
 c - a potion of ambrosia
 h - a potion of flight {unknown}
 i - a potion of mutation {unknown}


   Skills:
 - Level 3.0 Fighting
 * Level 4.2 Polearms
 - Level 3.0 Dodging
 - Level 2.0 Stealth


You had 2 spell levels left.
You didn't know any spells.
Your spell library was empty.

Dungeon Overview and Level Annotations

Branches:
Dungeon (1/15)

Altars:


Message History

You hit the hobgoblin.
The hobgoblin is almost dead.
You closely miss the hobgoblin.
The hobgoblin is almost dead.
The hobgoblin hits you.
You closely miss the hobgoblin.
The hobgoblin is almost dead.
The hobgoblin closely misses you.
You hit the hobgoblin.
You kill the hobgoblin!
No target in view!
No target in view!
Key pressed, stopping explore.
Key pressed, stopping explore.
i - a sedimented black potion
Things that are here:
a hobgoblin corpse; a hobgoblin corpse Key pressed, stopping explore.
Key pressed, stopping explore.
j - a scroll labelled INUOCWIYBB Key pressed, stopping explore.
You see here a +0 dagger.
There is a stone staircase leading down here.
Things that are here:
a +0 short sword; 4 stones Key pressed, stopping explore.
Okay, then.
g - 3 scrolls labelled VIRHEGEETZ (gained 1)
A dart slug comes into view.
A dart slug is nearby!
You reach to attack!
The helpless dart slug fails to defend itself.
You hit the dart slug.
The dart slug is severely wounded.
You reach to attack!
You hit the dart slug.
You kill the dart slug!
No target in view!
Key pressed, stopping explore.
Done exploring.
Are you sure you want to abandon this character and quit the game? (Confirm with "yes".)

#...##..#..##.#
#..........##.#
#......######.# #######
##...### #.# ......########.##
########## ................#
#......... .###..########>.#
#......... .#
#..########..########......<..
.#
#..##........@......#.........
.#
#..##.#####..########.........
.# #..##.#####..#####
######.#.# .#
#..#.............####### #...#
.#
#..#..####....#........###.#.#
.# #..#..#
#..............##...#
.###..#..#
#...#.#######...#.#.#
.......[.# #..##.# ##.##...#
.######.## #..##.# #.##.#.#


There were no monsters in sight!

Vanquished Creatures
  2 dart slugs (D:1)
  A ball python (D:1)
  4 bats (D:1)
  An endoplasm (D:1)
  A giant cockroach (D:1)
  2 goblins (D:1)
  3 hobgoblins (D:1)
  3 kobolds (D:1)
  2 quokkas (D:1)
  A frilled lizard (D:1)
20 creatures vanquished.

Notes
Turn   | Place    | Note
-------+----------+-------------------------------------------
     0 | D:1      | blackman the Human Monk began the quest for the Orb.
     0 | D:1      | Reached XP level 1. HP: 18/18 MP: 1/1
   133 | D:1      | Reached XP level 2. HP: 7/24 MP: 2/2
   471 | D:1      | Found a faded altar of an unknown god.
   885 | D:1      | Reached skill level 4 in Polearms
   885 | D:1      | Reached XP level 3. HP: 29/29 MP: 3/3
  1312 | D:1      | Quit the game

Illustrated notes

Levels and vault maps discovered:
D:1:      lemuel_arrival_hallway, layout_loops_ring,
          ebering_ecumenical_altar_mist, serial_park_tiny_pond,
          columned_hall_lemuel

Skill      XL: |  1  2 |
---------------+-------+-----
Polearms       | 4 |  4.2
Fighting       | |  3.0
Dodging        | |  3.0
Stealth        | |  2.0

Action                   || total
-------------------------++-------
Melee: Spear             ||    88
 Stab: Sleeping          ||     8
Armor: Robe              ||     7
Dodge: Dodged            ||    40

Table legend: (Time is in decaauts)
 A = Elapsed time spent in this place.
 B = Non-inter-level travel time spent in this place.
 C = Inter-level travel time spent in this place.
 D = Time resting spent in this place.
 E = Time spent auto-exploring this place.
 F = Levels seen in this place.
 G = Mean time per level.
                   A        B        C        D        E       F      G
               +--------+--------+--------+--------+--------+-----+--------+
         Total |   1304 |   1304 |      0 |      0 |   1154 |   1 | 1304.0 |
       Dungeon |   1304 |   1304 |      0 |      0 |   1154 |   1 | 1304.0 |
               +--------+--------+--------+--------+--------+-----+--------+

Top non-repeatable levels by time:
     D:1: 1304 daAuts
